 Dungeon Crawl Stone Soup version 0.29.1-2-gbd0b4ee654 (webtiles) character file.

Game seed: 10728837960060891929

501 Avanven the Ruffian (level 6, 0/47 HPs)
             Began as a Draconian Transmuter on Nov 7, 2022.
             Was a Follower of Uskayaw.
             Slain by a gnoll
             ... wielding a +0 spear
              (6 damage)
             ... on level 4 of the Dungeon.
             The game lasted 00:17:01 (4819 turns).

Avanven the Ruffian (Draconian Transmuter)          Turns: 4819, Time: 00:17:02

Health: 0/47       AC:  2    Str: 13    XL:     6   Next: 95%
Magic:  6/9        EV: 19    Int: 15    God:    Uskayaw [*.....]
Gold:   168        SH:  0    Dex: 16    Spells: 5/9 levels left

rFire   . . .      SeeInvis .     - Unarmed
rCold   . . .      Faith    .   (shield currently unavailable)
rNeg    . . .      Spirit   .   (body armour unavailable)
rPois   x          Reflect  .   (helmet currently unavailable)
rElec   .          Harm     .   (cloak currently unavailable)
rCorr   .          Rampage  .   (gloves currently unavailable)
Will    .....                   (boots currently unavailable)
Stlth   +.........              (no amulet)
HPRegen 0.15/turn               (no ring)
MPRegen 0.11/turn               (no ring)

@: spider-form (expiring)
A: venomous fangs, AC +6, tiny, unfitting armour, (cold-blooded)
a: End Transformation, Renounce Religion, Stomp


You were on level 4 of the Dungeon.
You worshipped Uskayaw.
Uskayaw was noncommittal.
You were a venomous arachnid creature.
You visited 1 branch of the dungeon, and saw 4 of its levels.

You collected 168 gold pieces.

Inventory:

Jewellery
 g - a ring of poison resistance
Wands
 e - a wand of quicksilver (4)
Scrolls
 a - 6 scrolls of identify
 c - a scroll of magic mapping
 i - a scroll of enchant armour {unknown}
Potions
 b - 3 potions of cancellation {unknown}
 d - a potion of attraction {unknown}
 f - 3 potions of curing {unknown}
 h - 3 potions of might {unknown}


   Skills:
 - Level 1.1 Fighting
 - Level 1.7 Dodging
 * Level 6.7 Unarmed Combat
 - Level 2.0 Spellcasting
 + Level 4.5 Transmutations


You had 5 spell levels left.
You knew the following spells:

 Your Spells              Type           Power      Damage    Failure   Level
a - Beastly Appendage     Tmut           30%        N/A       12%         1
b - Spider Form           Tmut/Pois      8%         N/A       47%         3

Your spell library contained the following spells:

 Spells                   Type           Power      Damage    Failure   Level
 Wereblood                Tmut           15%        N/A       16%         2
 Ice Form                 Ice/Tmut       8%         N/A       83%         4


Dungeon Overview and Level Annotations

Branches:
Dungeon (4/15)
 Temple: D:4-7

Altars:
Kikubaaqudgha
Qazlal
Uskayaw

Annotations:
D:3 1 runed translucent door, Persimmon's ghost, amateur FoAK
D:4 1 runed translucent door


Innate Abilities, Weirdness & Mutations

You are a venomous arachnid creature.
You have poisonous fangs.
You are tiny and dextrous.
Your spellcasting is less reliable in this form.
Your armour is entirely melded.
You are incapable of wielding weapons or throwing items.
((Your plain brown scales are hard. (AC +6)))
You cannot fit into any form of body armour.
((You are cold-blooded and may be slowed by cold attacks.))


Message History

Magic restored.
Things that are here:
a +0 scythe of freezing; a +2 robe of cold resistance
There is a stone staircase leading up here.
Okay, then.
HP restored.
You open the door.
There is an open door here.
a - 6 scrolls of identify (gained 1)
Found an ancient bone altar of Kikubaaqudgha.
You enter the shallow water.
Moving in this stuff is going to be slow.
You see here a +1 chain mail of willpower.
Found 16 gold pieces.
You open the door.
There is an open door here.
Casting: Spider Form (dangerous; 26% risk of failure)
Confirm with . or Enter, or press ? or * to list all spells.
You turn into a venomous arachnid creature.
The gnoll shouts! x2; You hear a shout!
Found a runed translucent gate.
Your transformation is almost over.
The gnoll barely misses you.
You hit the gnoll.
The gnoll is poisoned.
The gnoll is lightly wounded.
The gnoll hits you from afar with a +0 spear.
The gnoll completely misses you. The gnoll completely misses you.
The gnoll misses you. x2; The gnoll hits you with a +0 spear!
You hit the gnoll.
The gnoll is poisoned.
The gnoll is lightly wounded.
The gnoll hits you with a +0 halberd! The gnoll completely misses you.
The gnoll hits you with a +0 spear.
You bite the gnoll!
The gnoll is poisoned.
The gnoll is almost dead.
The gnoll hits you with a +0 halberd!
* * * LOW HITPOINT WARNING * * *
The gnoll misses you. The gnoll hits you but does no damage.
The gnoll attacks as you move away! The gnoll hits you with a +0 spear.
You die...

######### ## ### ####
.......##.# #.##...##
#......... #.......#
#........ #.......#
#....... #.......#
#...... #<......# #...g#
#.......#
#...s########......##
#..g.g.....##......##
#..........#...<....#
#..........#........#
#..........#........#
#..........#รท...)..##
.............'.......#
.......##....#.........
+###..####....##......##


You could see 3 gnolls.

Vanquished Creatures
  Sigmund (D:4)
  An ogre (D:4)
  A lemure (D:4)
  2 orc wizards (D:3)
  10 gnolls
  5 adders
  A dart slug (D:1)
  3 orcs
  11 ball pythons
  3 bats
  2 endoplasms
  A giant cockroach (D:1)
  9 goblins
  6 hobgoblins
  2 jackals (D:1)
  5 kobolds
  5 quokkas
  4 frilled lizards
  6 rats
78 creatures vanquished.

Notes
Turn   | Place    | Note
-------+----------+-------------------------------------------
     0 | D:1      | Avanven the Draconian Transmuter began the quest for the
                  | Orb.
     0 | D:1      | Reached XP level 1. HP: 16/16 MP: 3/3
   121 | D:1      | Reached XP level 2. HP: 14/23 MP: 3/5
   439 | D:1      | Reached XP level 3. HP: 28/28 MP: 4/6
   492 | D:1      | Reached skill level 4 in Unarmed Combat
   973 | D:1      | Learned a level 3 spell: Spider Form
  1363 | D:2      | Reached XP level 4. HP: 34/35 MP: 1/7
  2008 | D:2      | Found a faded altar of an unknown god.
  2273 | D:2      | Found a stormy altar of Qazlal.
  2700 | D:3      | Found a runed translucent door.
  2705 | D:3      | Noticed Persimmon's ghost (amateur FoAK)
  3107 | D:3      | Reached skill level 5 in Unarmed Combat
  3121 | D:3      | Reached XP level 5. HP: 29/40 MP: 6/8
  3575 | D:3      | Found a hide-covered altar of Uskayaw.
  3585 | D:3      | Became a worshipper of Uskayaw the Reveller
  3900 | D:4      | Reached * piety under Uskayaw
  3904 | D:4      | Reached ** piety under Uskayaw
  3924 | D:4      | Noticed an ogre
  3930 | D:4      | Reached *** piety under Uskayaw
  3933 | D:4      | Reached **** piety under Uskayaw
  3934 | D:4      | Killed an ogre
  3935 | D:4      | Reached skill level 6 in Unarmed Combat
  3935 | D:4      | Reached XP level 6. HP: 20/47 MP: 5/9
  4243 | D:4      | Noticed Sigmund
  4723 | D:4      | Killed Sigmund
  4791 | D:4      | Found an ancient bone altar of Kikubaaqudgha.
  4813 | D:4      | Found a runed translucent gate.
  4819 | D:4      | Slain by a gnoll

Illustrated notes

Levels and vault maps discovered:
D:1:      spicycebolla_arrival_xxxplode, layout_basic, minmay_misc_feat_square,
          minmay_door_square, minmay_misc_feat_columns
D:2:      layout_basic, chequers_ecumenical_altar_island, basic_altar
D:3:      layout_loops_cross, nicolae_uskayaw_suspiria, gammafunk_ghost_grave
D:4:      layout_gridville, kiku_gazebo_pond_becter, gammafunk_ghost_split,
          uniq_sigmund, uniq_pikel

Skill      XL: |  1  2  3  4  5 |
---------------+----------------+-----
Unarmed Combat | 4 5 6 |  6.7
Transmutations | 3 4 |  4.5
Fighting       | |  1.1
Dodging        | |  1.7
Spellcasting   | |  2.0

Action                   |  1- 3 |  4- 6 || total
-------------------------+-------+-------++-------
Melee: Unarmed           |    81 |   150 ||   231
       Headbutt          |    11 |    11 ||    22
       Tailslap          |     4 |    17 ||    21
       Kick              |    13 |    18 ||    31
       Punch             |     1 |     1 ||     2
 Cast: Beastly Appendage |    19 |    26 ||    45
       Spider Form       |     1 |     6 ||     7
  Use: Potion            |     1 |       ||     1
       Scroll            |     4 |     2 ||     6
 Stab: Sleeping          |     1 |       ||     1
       Paralysed         |       |     1 ||     1
Armor: Skin              |    27 |    42 ||    69
Dodge: Dodged            |    55 |   109 ||   164
